 Dungeon Crawl Stone Soup version 0.21-a0-113-g6841d05 (webtiles) character file.

1156 Leszczynek the Grappler (level 8, 21/70 HPs)
             Began as an Ogre Transmuter on July 12, 2017.
             Quit the game on level 7 of the Dungeon.
             The game lasted 00:29:40 (3396 turns).

Leszczynek the Grappler (Ogre Transmuter)           Turns: 3396, Time: 00:29:41

Health: 21/70      AC:  2    Str: 18    XL:     8   Next: 39%
Magic:  11/11      EV: 10    Int: 15    God:
Gold:   279        SH:  0    Dex: 10    Spells: 5/11 levels left

rFire    . . .     SeeInvis .   a - +2 dagger (venom)
rCold    . . .     Gourm    .   (no shield)
rNeg     . . .     Faith    .   n - +0 robe
rPois    .         Spirit   .   (helmet restricted)
rElec    .         Reflect  .   (no cloak)
rCorr    .         Harm     .   (gloves unavailable)
MR       .....                  (boots unavailable)
Stlth    +.........             (no amulet)
HPRegen  0.21/turn              x - +3 ring of strength
MPRegen  0.12/turn              (no ring)

@: no status effects
A: unfitting armour, deformed body, screaming 1, tough skin 1
a: no special abilities


You were on level 7 of the Dungeon.
You were very hungry.

You visited 2 branches of the dungeon, and saw 8 of its levels.

You collected 279 gold pieces.

Inventory:

Hand Weapons
 a - a +2 dagger of venom (weapon)
 b - a +2 dagger of flaming
Missiles
 k - 21 arrows
 q - 10 javelins (quivered)
 r - 2 tomahawks
Armour
 n - a +0 robe (worn)
Jewellery
 x - a +3 ring of strength (left hand)
Wands
 w - a wand of disintegration (12/24)
 z - a wand of iceblast (10/15)
Scrolls
 e - 4 scrolls of identify {@r1}
 f - 2 scrolls of recharging {unknown}
 h - 4 scrolls of teleportation {unknown}
 j - 2 scrolls of noise {unknown}
 s - a scroll of blinking {unknown}
 t - a scroll of silence {unknown}
 v - 2 scrolls of amnesia {unknown}
 y - a scroll of remove curse {unknown}
 A - 2 scrolls of enchant armour {unknown}
Potions
 i - a potion of heal wounds {@q2}
 m - a potion of lignification {unknown}
 o - 2 potions of might
 p - a potion of brilliance {unknown}
Books
 c - a book of Changes

   Spells                             Type                      Level
   a - Beastly Appendage              Transmutation                1
   b - Sticks to Snakes               Transmutation                2
   c - Spider Form                    Transmutation/Poison         3
   d - Ice Form                       Ice/Transmutation            4
   e - Blade Hands                    Transmutation                5
Comestibles
 d - 4 bread rations
 g - 2 meat rations
 u - 2 royal jellies


   Skills:
 - Level 1.3 Fighting
 - Level 1.7 Dodging
 + Level 8.2 Unarmed Combat
 - Level 2.4 Spellcasting
 - Level 4.0 Transmutations
 - Level 2.0 Poison Magic


You had 5 spell levels left.
You knew the following spells:

 Your Spells              Type           Power        Failure   Level  Hunger
a - Beastly Appendage     Tmut           ##....       4%          1    #......
b - Sticks to Snakes      Tmut           ##......     6%          2    ###....
c - Spider Form           Tmut/Pois      ##........   19%         3    ###....


Dungeon Overview and Level Annotations

Branches:
Dungeon (7/15)             Temple (1/1) D:4

Altars:
Dithmenos
Elyvilon
Fedhas
Gozag
Kikubaaqudgha
Makhleb
Okawaru
Sif Muna
Trog
Uskayaw
Vehumet
Wu Jian
Xom
Yredelemnul
The Shining One

Shops:
D:7 [

Annotations:
D:3 Gorglomux's ghost, amateur HONe
D:6 orc f


Innate Abilities, Weirdness & Mutations

You are too large for most types of armour.
You have tough skin. (AC +1)
Armour fits poorly on your strangely shaped body.
You occasionally shout uncontrollably at your foes.


Message History

Magic restored.
The orc warrior throws a stone.
The stone misses you.
You see here a stone.
Unknown command.
The orc warrior throws a stone.
The stone barely misses you.
You see here a stone.
There is a stone staircase leading down here.
The orc warrior throws a stone.
The stone hits you!
You climb downwards.
There is a stone staircase leading up here.
Unknown command.
Enter note: how the fuck can you do 15 damage with a fucking stone
Enter note: ok, maybe not 15, make it 12 The ogre shouts!
You are feeling very hungry.
The ogre hits you with a giant spiked club!
Unknown command.
Unknown command.
Unknown command.
Are you sure you want to abandon this character and quit the game? (Confirm with "yes".)

##...#
##...################
.........OZS.<.......
#.....###############
##.....#### ##########
#...#....#######.<.......
######.......รท...########
#.....####..#.#..# #.#####
##.._@O.## ###.#...##
#...#..# ######.# . #.# .
#.# . ######## #.# .#
##......## #.. ..
##........## ###


You could see an ogre.

Vanquished Creatures
  A black bear (D:6)
  An orc warrior (D:6)
  A phantom (D:6)
  A sky beast (D:7)
  An ogre (D:7)
  A big kobold (D:6)
  2 bullfrogs
  A scorpion (D:7)
  A howler monkey (D:5)
  A crimson imp (D:5)
  2 hounds (D:6)
  An orc priest (D:4)
  A jelly (D:6)
  A bullfrog skeleton (D:5)
  An iguana (D:4)
  An orc wizard (D:6)
  3 worker ants
  4 adders
  3 worms
  2 leopard geckos (D:4)
  7 orcs
  7 bats
  3 giant cockroaches
  9 goblins
  6 hobgoblins
  3 kobolds
  5 quokkas
  3 ball pythons
  4 frilled lizards
  A leopard gecko zombie (D:6)
  A quokka zombie (D:5)
  5 rats
84 creatures vanquished.

Vanquished Creatures (collateral kills)
  A centaur zombie (D:6)
  A worker ant (D:6)
  An adder (D:2)
  A worm (D:5)
  An orc (D:4)
  A goblin (D:2)
6 creatures vanquished.

Grand Total: 90 creatures vanquished

Notes
Turn   | Place    | Note
-------+----------+-------------------------------------------
     0 | D:1      | Leszczynek the Ogre Transmuter began the quest for the Orb.
     0 | D:1      | Reached XP level 1. HP: 19/19 MP: 3/3
    61 | D:2      | Reached skill level 3 in Unarmed Combat
   161 | D:1      | Reached XP level 2. HP: 27/27 MP: 3/5
   165 | D:1      | Learned a level 2 spell: Sticks to Snakes
   266 | D:1      | Reached skill level 2 in Transmutations
   471 | D:2      | Reached XP level 3. HP: 33/33 MP: 4/6
   476 | D:2      | Learned a level 3 spell: Spider Form
   602 | D:2      | HP: 6/33 [poisoned by an adder]
   607 | D:2      | HP: 5/33 [poisoned by an adder]
   612 | D:2      | HP: 4/33 [poisoned by an adder]
   757 | D:2      | Reached skill level 1 in Poison Magic
   949 | D:3      | Reached XP level 4. HP: 32/41 MP: 4/7
  1028 | D:3      | Noticed Gorglomux's ghost (amateur HONe)
  1126 | D:2      | Reached skill level 2 in Poison Magic
  1218 | D:3      | laaaaaaaaaaaaaaaaaaagggggggggggggs
  1267 | D:4      | Found an ancient bone altar of Kikubaaqudgha.
  1309 | D:5      | Entered Level 5 of the Dungeon
  1349 | D:5      | Found an ornate altar of the Wu Jian Council.
  1420 | D:4      | Reached skill level 3 in Transmutations
  1434 | D:4      | ok let's GO
  1448 | D:4      | Reached XP level 5. HP: 23/48 MP: 2/8
  1456 | D:4      | Found a basalt altar of Yredelemnul.
  1655 | D:7      | Found Ytiziy's Antique Armour Shoppe.
  1658 | D:7      | wow, it's fucking nothing
  1667 | D:7      | Noticed an ogre
  1696 | D:7      | Killed an ogre
  1696 | D:7      | Reached skill level 4 in Unarmed Combat
  1696 | D:7      | Reached skill level 4 in Transmutations
  1696 | D:7      | Reached XP level 6. HP: 20/55 MP: 3/9
  1714 | D:6      | Noticed an orc warrior
  1818 | D:6      | HP: 10/55 [worker ant (3)]
  1825 | D:6      | HP: 9/55 [poisoned by a worker ant]
  1833 | D:6      | HP: 8/55 [poisoned by a worker ant]
  1942 | D:6      | Found a hide-covered altar of Uskayaw.
  1946 | D:6      | Noticed an orc warrior
  2019 | D:5      | Reached skill level 5 in Unarmed Combat
  2058 | D:5      | Found an iron altar of Okawaru.
  2137 | D:6      | Reached XP level 7. HP: 56/62 MP: 3/10
  2326 | D:4      | Found a staircase to the Ecumenical Temple.
  2332 | D:4      | oh so it was here
  2342 | Temple   | Entered the Ecumenical Temple
  2400 | Temple   | of course it's not here
  2400 | Temple   | ok then
  2529 | D:6      | Reached skill level 6 in Unarmed Combat
  2652 | D:7      | Found a deep blue altar of Sif Muna.
  2682 | D:7      | Gained mutation: You occasionally shout uncontrollably at your foes. [mutagenic meat]
  2683 | D:7      | Gained mutation: Armour fits poorly on your strangely shaped body. [mutagenic meat]
  2684 | D:7      | well shit
  2830 | D:7      | Reached skill level 7 in Unarmed Combat
  2843 | D:6      | Reached XP level 8. HP: 41/70 MP: 9/11
  3093 | D:6      | Reached skill level 8 in Unarmed Combat
  3121 | D:6      | HP: 6/70 [orc warrior/stone (16)]
  3131 | D:6      | HP: 7/70 [orc warrior/stone (1)]
  3135 | D:6      | the stones of death
  3160 | D:5      | there's nothing scarier than an early orc warrior with fucking stones
  3386 | D:7      | how the fuck can you do 15 damage with a fucking stone
  3386 | D:7      | ok, maybe not 15, make it 12
  3396 | D:7      | Quit the game

Vault maps used:
D:1:      nicolae_arrival_washed_ashore
D:2:      eino_tiny_chamber
D:3:      first_bread, portal_sewer_entry_c
D:4:      kiku_gazebo_pond_becter, old_standard_altar,
          minmay_temple_entry_statues_fountains
D:5:      old_standard_altar, lemuel_round_altar, kennysheep_little_box
D:6:      basic_altar
D:7:      lemuel_crystal_altar, lemuel_crystal_altar, serial_shops, shop, shop,
          nicolae_shop_behind_doors, shop, grunt_ogre_cave
Temple:   nicolae_temple_figure_zero

Skill      XL: |  1  2  3  4  5  6  7  8 |
---------------+-------------------------+-----
Unarmed Combat | 3 4 5 7 8 |  8.2
Transmutations | 2 3 4 |  4.0
Poison Magic   | 1 2 |  2.0
Fighting       | |  1.3
Dodging        | |  1.7
Spellcasting   | |  2.4

Action                   |  1- 3 |  4- 6 |  7- 9 || total
-------------------------+-------+-------+-------++-------
Melee: Unarmed           |    77 |    17 |    65 ||   159
       Headbutt          |     4 |       |       ||     4
       Kick              |     8 |       |       ||     8
       Dagger            |    23 |    83 |    42 ||   148
       Punch             |     1 |       |     2 ||     3
Throw: Javelin           |       |     1 |       ||     1
 Cast: Beastly Appendage |    12 |       |       ||    12
       Sticks to Snakes  |     4 |    14 |    10 ||    28
       Spider Form       |       |     3 |     9 ||    12
  Use: Scroll            |       |     3 |     1 ||     4
 Stab: Sleeping          |     1 |       |       ||     1
  Eat: Chunk             |     1 |     6 |     8 ||    15
Armor: Robe              |    37 |    21 |     4 ||    62
       Skin              |       |       |     2 ||     2
Dodge: Dodged            |    57 |    43 |    75 ||   175
